 Dungeon Crawl Stone Soup version 0.19.3-1-g3169bf9 (webtiles) character file.

130653 Lahna the Fencer (level 16, -11/151 HPs)
             Began as a Minotaur Fighter on Jan 23, 2017.
             Was the Champion of the Shining One.
             Killed by divine providence
             ... invoked by a sphinx
              (13 damage)
             ... on level 15 of the Dungeon.
             The game lasted 01:27:33 (29445 turns).

Lahna the Fencer (Minotaur Fighter)                Turns: 29445, Time: 01:27:34

Health: -11/151    AC: 23    Str: 22    XL:     16   Next: 53%
Magic:  22/22      EV: 18    Int: 11    God:    the Shining One [******]
Gold:   1844       SH: 16    Dex: 20    Spells: 0 memorised, 15 levels left

rFire  + + .     SeeInvis .     k - +6 double sword (protect)
rCold  + . .     Gourm    .     L - +2 chain mail {rF+}
rNeg   + + +     Faith    .     P - +2 shield
rPois  .         Spirit   .     (helmet restricted)
rElec  .         Reflect  .     j - +2 cloak {+Inv}
rCorr  .         Harm     .     b - +2 pair of gloves "Iroguj" {Dex+2}
MR     +....                    h - +0 pair of boots
Stlth  ..........               z - amulet "Loun" {RegenMP *Drain Int+6 Dex+2}
                                R - ring of protection from fire
                                v - ring of protection from cold

@: about to teleport, glowing
A: retaliatory headbutt, horns 2
a: Divine Shield, Cleansing Flame, Summon Divine Warrior, Brand Weapon With Holy
Wrath, Renounce Religion, Evoke Invisibility


You were on level 15 of the Dungeon.
You worshipped the Shining One.
The Shining One was exalted by your worship.
You were hungry.

You visited 5 branches of the dungeon, and saw 25 of its levels.
You also visited: Sewer.

You collected 2280 gold pieces.
You spent 436 gold pieces at shops.

Inventory:

Hand Weapons
 k - a +6 double sword of protection (weapon)
 Y - a +3 scimitar of flaming
Armour
 b - the +2 pair of gloves "Iroguj" (worn) {Dex+2}
   (You bought it in a shop on level 2 of the Orcish Mines)

   It affects your dexterity (+2).
 d - a +1 plate armour of cold resistance
 h - a +0 pair of boots (worn)
 i - the +3 hat of Pondering {ponderous, MR+ MP+10 Int+5}
   (You took it off Gastronok on level 8 of the Dungeon)

   It affects your intelligence (+5).
   It affects your resistance to hostile enchantments.
   It affects your magic capacity (+10).
 j - a +2 cloak of invisibility (worn)
 L - a +2 chain mail of fire resistance (worn)
 P - a +2 shield (worn)
 S - the +0 pair of gloves of Lulurika {rElec rN+ Int+2}
   (You found it on level 15 of the Dungeon)

   It affects your intelligence (+2).
   It insulates you from electricity.
   It protects you from negative energy.
Jewellery
 v - a ring of protection from cold (left hand)
 z - the amulet "Loun" (around neck) {RegenMP *Drain Int+6 Dex+2}
   (You acquired it on level 12 of the Dungeon)

   [amulet of magic regeneration]

   It increases your magic regeneration.
   It affects your intelligence (+6).
   It affects your dexterity (+2).
   It causes draining when unequipped.
 G - an uncursed ring of fire
 R - a ring of protection from fire (right hand)
Wands
 a - a wand of heal wounds (5/9)
 q - a wand of lightning (6/15)
 s - a wand of iceblast (8/15)
 w - a wand of paralysis (13/24)
 H - a wand of acid (8/15)
 V - a wand of paralysis (18/24)
 W - a wand of flame (31/48)
Scrolls
 o - a scroll of teleportation
 p - 6 scrolls of identify
 r - a scroll of brand weapon
 t - a scroll of magic mapping
 u - 4 scrolls of amnesia
 C - 4 scrolls of fog
 D - 3 scrolls of enchant armour
 F - 7 scrolls of recharging
 K - 2 scrolls of remove curse
 T - a scroll of silence
Potions
 g - 6 potions of agility
 m - 2 potions of ambrosia
 A - 3 potions of flight
 I - 4 potions of curing
 O - a potion of cancellation
 X - a potion of brilliance
Books
 c - the Catalogue of the Vacuum
   (You found it on level 1 of the Depths)

   Spells                             Type                      Level
   a - Flame Tongue                   Conjuration/Fire             1
   b - Summon Guardian Golem          Hexes/Summoning              3
   c - Summon Hydra                   Summoning                    7
   d - Dragon's Call                  Summoning                    9
 Z - a book of Enchantments

   Spells                             Type                      Level
   a - Cause Fear                     Hexes                        4
   b - Yara's Violent Unravelling     Hexes/Transmutation          5
   c - Silence                        Hexes/Air                    5
   d - Deflect Missiles               Charms/Air                   6
   e - Discord                        Hexes                        8
Comestibles
 f - 16 bread rations
 l - 10 meat rations
 n - 15 royal jellies
 B - 21 fruits
 J - 2 slices of pizza
 Q - 3 beef jerkies


   Skills:
 + Level 15.8 Fighting
 - Level 16.1 Long Blades
 - Level 14.0 Armour
 - Level 14.2 Dodging
 - Level 14.4 Shields
 - Level 10.0 Invocations


You had 15 spell levels left.
You didn't know any spells.

Dungeon Overview and Level Annotations

Branches:
Dungeon (15/15)            Temple (0/1) D:6            Lair (6/6) D:8
 Shoals (0/4) Lair:2       Spider (0/4) Lair:2        Slime (0/5) Lair:5
    Orc (2/2) D:11            Elf (1/3) Orc:2        Vaults (0/5) D:14
 Depths (1/5) D:15

Altars:
Ashenzari
Cheibriados
Dithmenos
Elyvilon
Fedhas
Gozag
Hepliaklqana
Kikubaaqudgha
Nemelex Xobeh
Okawaru
Trog
Xom
The Shining One
Beogh
Jiyva

Shops:
D:13 *   Orc:2 [[(

Portals:
Hell: Depths:1


Innate Abilities, Weirdness & Mutations

You reflexively headbutt those who attack you in melee.
You have a pair of horns on your head.


Message History

The titan casts a spell at you. The bolt of lightning misses you.
The titan gestures at you while chanting.
The bolt of lightning misses you.
As you read the scroll of fog, it crumbles to dust.
The scroll dissolves into smoke.
Okay, then.
As you read the scroll of teleportation, it crumbles to dust.
You feel strangely unstable.
The titan waves its arms in wide circles.
The air twists around and strikes you! The Shining One protects you from harm!
The titan points at you and mumbles some strange words.
The bolt of lightning misses you.
The titan waves its arms in wide circles.
The air twists around and strikes you!
* * * LOW HITPOINT WARNING * * *
The sphinx mumbles some strange words.
Something smites you!
You die...

░.░ ░░░.░░░░░....░ ░
░.░ ░.....░░.░░░ ░
░.░ ░░░░░..░..░ ░ ░.░
░░....░ ░.░ ░░░░.░
░.░ ░░░ ░░.░░░
░....░░░░░░░░░░░░░░░░
░░░░..HC....@..)....░
░░.░░░░░░░░░░░░░.░░
░§░ ░..░░░░░░░░ ░§░
░░......... ░§░
░░░░░░░░░░ ░§░ ░ ░§░
░§░░ ░§§░


You could see a titan and a sphinx.

Vanquished Creatures
  Rupert (Lair:3)
  Gastronok (D:8)
  Kirke (Lair:5)
  A fire giant (D:15)
  A frost giant (D:15)
  A very ugly thing (D:15)
  4 stone giants
  The ghost of cba the Unseen, a journeyman OpAs of Dithmenos (D:13)
  2 ettins (D:15)
  Josephine (D:12)
  A fire dragon (D:14)
  4 yaktaur captains
  A great orb of eyes (Depths:1)
  The ghost of BogdanSil the Cleaver, a journeyman DDGl of the Shining One (Lair:2)
  Harold (D:10)
  7 hydras
  A spriggan air mage (Depths:1)
  5 vault guards (D:14)
  2 ice dragons
  A rakshasa (Depths:1)
  An ogre mage (D:15)
  A catoblepas (Lair:4)
  4 centaur warriors
  A death knight (D:12)
  A dancing weapon (Elf:1)
  3 deep troll shamans
  2 tengu warriors
  A deep troll earth mage (D:15)
  3 spriggan berserkers (D:15)
  A hell knight (D:15)
  A deep elf knight (D:10)
  A wizard (D:10)
  3 unseen horrors
  The ghost of Naow the Jinx, a novice SpEn of Ashenzari (D:9)
  4 hill giants
  A deep elf archer (D:14)
  Pikel (D:5)
  2 lindwurms (Lair:6)
  A wolf spider (Lair:2)
  5 orc knights
  The ghost of chimenez the Cleaver, a novice FoFi (D:5)
  6 ugly things (D:15)
  3 orc sorcerers
  A wolf spider zombie (D:15)
  6 cyclopes
  A siren (Lair:2)
  Joseph (D:7)
  16 elephants
  4 black mambas
  7 torpor snails
  13 spiny frogs
  An efreet (D:15)
  6 komodo dragons
  4 rime drakes
  2 tengu conjurers
  3 yaktaurs
  The ghost of fatfloppyjuicyveiny the Quickloader, a novice KoHu of Okawaru (D:4)
  2 freezing wraiths
  A jumping spider (Lair:2)
  A meliai (shapeshifter) (D:14)
  3 tyrant leeches (Lair:6)
  6 trolls
  9 polar bears (Lair:6)
  6 hornets (Lair:6)
  3 meliai (D:10)
  6 two-headed ogres
  A jumping spider (shapeshifter) (Elf:1)
  4 raiju (Lair:6)
  7 blink frogs
  8 hippogriffs
  9 slime creatures
  12 dream sheep (Lair:6)
  2 shadows
  2 redbacks (Lair:2)
  Sigmund (D:5)
  2 air elementals (Depths:1)
  79 yaks
  A hog (Lair:5)
  2 wyverns
  3 wraiths (D:12)
  4 basilisks
  3 hungry ghosts
  Menkaure (D:5)
  8 water moccasins
  5 wargs (Lair:6)
  6 hell hounds (Lair:6)
  A meliai simulacrum (D:15)
  6 porcupines
  15 black bears
  5 ice beasts
  42 orc warriors
  5 phantoms
  Purgy (Sewer)
  2 eyes of draining
  6 sky beasts
  2 necrophages
  11 ogres
  20 wolves
  28 centaurs
  13 crocodiles
  A big kobold (D:11)
  21 bullfrogs
  A gnoll sergeant (D:8)
  A water moccasin zombie (D:11)
  6 scorpions
  8 killer bees
  11 wights
  3 howler monkeys
  5 electric eels
  7 crimson imps
  5 bullfrog zombies
  3 quasits
  23 hounds
  5 centaur zombies
  3 jellies
  2 gnoll shamans (D:7)
  A bullfrog skeleton (D:13)
  3 centaur skeletons
  21 orc priests
  28 orc wizards
  3 iguanas
  8 worker ants
  5 hell rats (Lair:6)
  A worker ant zombie (D:10)
  19 gnolls
  13 adders
  2 river rats (D:6)
  4 shadow imps
  2 adder skeletons
  An adder zombie (D:5)
  6 worms
  A dart slug (D:2)
  5 leopard geckos
  87 orcs
  5 giant cockroaches
  10 goblins
  9 hobgoblins
  18 jackals
  4 quokkas
  A ball python skeleton (D:4)
  9 bats
  6 frilled lizards
  A giant cockroach zombie (D:6)
  9 kobolds
  A leopard gecko skeleton (D:6)
  A quokka zombie (D:5)
  6 rats
901 creatures vanquished.

Vanquished Creatures (others)
  A crocodile (Lair:5)
  A hound (Lair:6)
  A jackal (D:8)
  8 fungi
  29 plants
40 creatures vanquished.

Grand Total: 941 creatures vanquished

Notes
Turn   | Place    | Note
-------+----------+-------------------------------------------
     0 | D:1      | Lahna the Minotaur Fighter began the quest for the Orb.
     0 | D:1      | Reached XP level 1. HP: 19/19 MP: 0/0
   285 | D:1      | Reached XP level 2. HP: 27/27 MP: 1/1
   637 | D:1      | Reached skill level 3 in Long Blades
   910 | D:2      | Reached XP level 3. HP: 32/33 MP: 2/2
  1049 | D:2      | Reached skill level 1 in Dodging
  1164 | D:2      | Reached XP level 4. HP: 40/40 MP: 3/3
  1254 | D:2      | Found a bloodstained altar of Trog.
  1333 | D:2      | Found a glowing golden altar of the Shining One.
  1334 | D:2      | Found a snail-covered altar of Cheibriados.
  1338 | D:2      | Became a worshipper of the Shining One
  1918 | D:4      | Reached skill level 4 in Long Blades
  1918 | D:4      | Reached XP level 5. HP: 46/46 MP: 4/4
  2040 | D:4      | Noticed an ogre
  2052 | D:4      | Killed an ogre
  2052 | D:4      | Reached skill level 5 in Armour
  2052 | D:4      | Reached XP level 6. HP: 53/53 MP: 5/5
  2084 | D:4      | Noticed fatfloppyjuicyveiny's ghost (novice KoHu)
  2102 | D:4      | Killed fatfloppyjuicyveiny's ghost
  2102 | D:4      | Reached skill level 5 in Fighting
  2102 | D:4      | Reached skill level 5 in Shields
  2102 | D:4      | Reached XP level 7. HP: 28/61 MP: 6/6
  2225 | D:4      | Got a scorched war axe
  2226 | D:4      | Identified the cursed +1 war axe of the Endless Realms {flame, Str+7} (You found it on level 4 of the Dungeon)
  2354 | D:4      | Reached * piety under the Shining One
  2358 | D:4      | Reached skill level 5 in Long Blades
  2435 | D:4      | Found a hazy altar of Hepliaklqana.
  2500 | D:5      | Entered Level 5 of the Dungeon
  2500 | D:5      | Noticed Sigmund
  2503 | D:5      | Noticed chimenez's ghost (novice FoFi)
  2506 | D:5      | Killed Sigmund
  2512 | D:5      | Killed chimenez's ghost
  2512 | D:5      | Reached XP level 8. HP: 70/70 MP: 7/7
  2540 | D:5      | Noticed Menkaure
  2545 | D:5      | Killed Menkaure
  2545 | D:5      | Reached skill level 6 in Long Blades
  2769 | D:5      | Noticed Pikel
  2782 | D:5      | Killed Pikel
  2782 | D:5      | Reached skill level 7 in Long Blades
  2801 | D:5      | Reached XP level 9. HP: 73/75 MP: 8/8
  2865 | D:5      | Reached skill level 8 in Long Blades
  3112 | D:6      | Found a white marble altar of Elyvilon.
  3267 | D:6      | Reached ** piety under the Shining One
  3298 | D:6      | Found a staircase to the Ecumenical Temple.
  3339 | D:6      | Found a sparkling altar of Nemelex Xobeh.
  3526 | D:6      | Found a glowing drain.
  3535 | Sewer    | Entered a sewer
  3557 | Sewer    | Noticed Purgy
  3564 | Sewer    | Killed Purgy
  4103 | D:7      | Found an opulent altar of Gozag.
  4221 | D:7      | Noticed Joseph
  4240 | D:7      | Killed Joseph
  4455 | D:7      | Reached skill level 1 in Invocations
  4455 | D:7      | Reached XP level 10. HP: 75/88 MP: 9/9
  4473 | D:7      | Reached *** piety under the Shining One
  4508 | D:7      | Found an ancient bone altar of Kikubaaqudgha.
  4692 | D:7      | You fall through a shaft!
  4692 | D:8      | Found a blossoming altar of Fedhas.
  4710 | D:8      | Noticed Gastronok
  4793 | D:8      | HP: 2/88 [Gastronok (20)]
  4801 | D:8      | Killed Gastronok
  4801 | D:8      | Reached skill level 10 in Dodging
  5992 | D:8      | Found a staircase to the Lair.
  6139 | D:8      | Reached skill level 9 in Long Blades
  7143 | D:9      | Noticed Naow's ghost (novice SpEn)
  7160 | D:9      | Killed Naow's ghost
  7160 | D:9      | Reached skill level 10 in Long Blades
  7160 | D:9      | Reached XP level 11. HP: 94/94 MP: 13/13
  7263 | D:9      | Found a shadowy altar of Dithmenos.
  7288 | D:9      | Got a wizard robe
  7420 | D:9      | Reached skill level 11 in Long Blades
  7544 | D:10     | Entered Level 10 of the Dungeon
  7642 | D:10     | Noticed an orc knight
  7643 | D:10     | Noticed an enchanted long sword
  7643 | D:10     | Noticed an orc knight
  7651 | D:10     | Reached **** piety under the Shining One
  7652 | D:10     | Noticed a deep elf knight
  7656 | D:10     | Killed an orc knight
  7661 | D:10     | Killed an orc knight
  7661 | D:10     | Reached skill level 12 in Long Blades
  7670 | D:10     | Killed a deep elf knight
  7675 | D:10     | Noticed an orc knight
  7679 | D:10     | Noticed a wizard
  7685 | D:10     | Killed an orc knight
  7697 | D:10     | Killed a wizard
  7697 | D:10     | Reached skill level 13 in Long Blades
  7846 | D:10     | Noticed Harold
  7887 | D:10     | Killed Harold
  8204 | D:10     | Identified the +2 robe of Sloth {rC+ rN+ SInv} (You found it on level 9 of the Dungeon)
  8362 | D:10     | Reached skill level 14 in Long Blades
  8893 | D:10     | Reached XP level 12. HP: 102/104 MP: 14/14
  8932 | D:10     | Reached skill level 5 in Invocations
  8938 | D:10     | Reached ***** piety under the Shining One
  9445 | D:11     | Noticed a seven-headed hydra
  9581 | Lair:1   | Entered Level 1 of the Lair of Beasts
  9881 | Lair:1   | Reached skill level 10 in Fighting
 10768 | Lair:2   | Found a staircase to the Shoals.
 11005 | Lair:2   | Noticed BogdanSil's ghost (journeyman DDGl)
 11038 | Lair:2   | Killed BogdanSil's ghost
 11731 | Lair:2   | Reached XP level 13. HP: 117/122 MP: 17/17
 11753 | Lair:2   | Found a hole to the Spider Nest.
 11804 | Lair:2   | HP: 6/122 [poisoned by a wolf spider]
 11810 | Lair:2   | HP: 6/122 [poisoned by a wolf spider]
 12899 | Lair:3   | Reached skill level 10 in Armour
 13737 | Lair:3   | Reached skill level 10 in Shields
 13844 | Lair:3   | Noticed Rupert
 13845 | Lair:3   | Paralysed by Rupert for 7 turns
 13865 | Lair:3   | The Shining One protects you from harm!
 13883 | Lair:3   | Killed Rupert
 16106 | Lair:5   | Found a viscous altar of Jiyva.
 16107 | Lair:5   | Found a staircase to the Slime Pits.
 16289 | Lair:5   | Noticed Kirke
 16321 | Lair:5   | Got a twisted ring mail
 16342 | Lair:5   | Killed Kirke
 16378 | Lair:5   | Identified the cursed +0 ring mail "Hummuh" {Dex+4} (You found it on level 5 of the Lair of Beasts)
 16498 | Lair:5   | Reached XP level 14. HP: 127/132 MP: 18/18
 16939 | Lair:6   | Entered Level 6 of the Lair of Beasts
 17527 | Lair:6   | Identified a scroll of acquirement
 18458 | Lair:6   | Reached skill level 15 in Long Blades
 18513 | Lair:6   | Found a runed door.
 19298 | D:11     | Found a staircase to the Orcish Mines.
 19970 | Orc:1    | Entered Level 1 of the Orcish Mines
 20231 | Orc:1    | Found a runed door.
 20398 | Orc:1    | Reached ****** piety under the Shining One
 20778 | Orc:1    | Noticed a stone giant
 20796 | Orc:1    | Killed a stone giant
 20796 | Orc:1    | Reached XP level 15. HP: 138/138 MP: 21/21
 20898 | Orc:1    | Reached skill level 10 in Invocations
 20953 | Orc:1    | Found a roughly hewn altar of Beogh.
 21010 | Orc:2    | Entered Level 2 of the Orcish Mines
 21132 | Orc:2    | Found a staircase to the Elven Halls.
 21705 | Orc:2    | Found Meerrai's Weapon Emporium.
 21705 | Orc:2    | Found Syarrot's Antique Armour Boutique.
 21711 | Orc:2    | Found Jyteossu's Armour Shop.
 21717 | Orc:2    | Found Qioshresh's General Store.
 21787 | Orc:2    | Bought the +2 pair of gloves "Iroguj" {Dex+2} for 436 gold pieces
 22052 | Orc:2    | Found a roughly hewn altar of Beogh.
 22386 | Elf:1    | Entered Level 1 of the Elven Halls
 22847 | D:12     | Noticed Josephine
 22870 | D:12     | Killed Josephine
 23202 | D:12     | Got a warped platinum amulet
 23203 | D:12     | Identified the amulet "Loun" {RegenMP *Drain Int+6 Dex+2} (You acquired it on level 12 of the Dungeon)
 23740 | D:13     | Noticed cba's ghost (journeyman OpAs)
 23758 | D:13     | Killed cba's ghost
 23830 | D:13     | Found a shattered altar of Ashenzari.
 24217 | D:13     | Got a polished rapier
 24373 | D:13     | Identified the +4 rapier "Zenka" {pierce, rF+ Str+3 Dex+4 SInv} (You found it on level 13 of the Dungeon)
 24608 | D:13     | Found Bedirghong's General Store.
 24762 | D:14     | Found an iron altar of Okawaru.
 25018 | D:14     | Reached skill level 16 in Long Blades
 25545 | D:14     | Found a gate to the Vaults.
 25907 | D:15     | Entered Level 15 of the Dungeon
 26041 | D:15     | Got a pair of translucent gloves
 26058 | D:15     | Identified the cursed +0 pair of gloves of Lulurika {rElec rN+ Int+2} (You found it on level 15 of the Dungeon)
 26264 | D:15     | Found a shimmering altar of Xom.
 26386 | D:15     | Reached XP level 16. HP: 108/145 MP: 22/22
 26693 | D:15     | Found a staircase to the Depths.
 26720 | Depths:1 | Entered Level 1 of the Depths
 26723 | Depths:1 | Found a gateway to Hell.
 26726 | Depths:1 | Found a huge runed gate.
 26726 | Depths:1 | Found a huge runed gate.
 26726 | Depths:1 | Found a huge runed gate.
 26726 | Depths:1 | Found a huge runed gate.
 26726 | Depths:1 | Found a huge runed gate.
 26727 | Depths:1 | Found a huge runed gate.
 26728 | Depths:1 | Found a huge runed gate.
 26737 | Depths:1 | Found a huge runed gate.
 26737 | Depths:1 | Found a huge runed gate.
 26739 | Depths:1 | Found a huge runed gate.
 26740 | Depths:1 | Identified the Catalogue of the Vacuum
 27827 | Depths:1 | Found a huge runed gate.
 27827 | Depths:1 | Found a huge runed gate.
 27827 | Depths:1 | Found a huge runed gate.
 27832 | Depths:1 | Found a huge runed gate.
 27834 | Depths:1 | Found a huge runed gate.
 27885 | Depths:1 | Noticed a sphinx
 27887 | Depths:1 | Noticed a titan
 28739 | D:15     | Reached skill level 15 in Fighting
 29403 | Depths:1 | Paralysed by a sphinx for 3 turns
 29414 | D:15     | The Shining One protects you from harm!
 29443 | D:15     | The Shining One protects you from harm!
 29445 | D:15     | HP: 2/151 [titan/the air (20)]
 29445 | D:15     | Killed from afar by a sphinx

Skill      XL: |  1  2  3  4  5  6  7  8  9 10 11 12 13 14 15 16 |
---------------+-------------------------------------------------+-----
Long Blades    | 3 4 5 7 8 10 14 15 16 | 16.1
Armour         | 4 5 6 7 8 9 10 12 14 | 14.0
Fighting       | 4 5 6 8 9 13 14 15 | 15.8
Dodging        | 1 2 3 4 6 8 11 13 14 | 14.2
Shields        | 4 5 6 7 8 10 12 13 14 | 14.4
Invocations    | 1 4 7 9 10 | 10.0

Action                   |  1- 3 |  4- 6 |  7- 9 | 10-12 | 13-15 | 16-18 || total
-------------------------+-------+-------+-------+-------+-------+-------++-------
Melee: Long sword        |   102 |    91 |   275 |   786 |   519 |       ||  1773
       Headbutt          |    10 |    16 |    57 |   201 |   476 |    80 ||   840
       Short sword       |       |       |       |       |    42 |       ||    42
       Double sword      |       |       |       |       |  1031 |   226 ||  1257
       Rapier            |       |       |       |       |     6 |       ||     6
Invok: Divine Shield     |       |       |       |     7 |     3 |       ||    10
       Cleansing Flame   |       |       |       |     2 |     1 |       ||     3
Evoke: Wand              |       |       |       |       |     2 |       ||     2
  Use: Scroll            |       |       |    11 |     9 |    18 |     5 ||    43
       Potion            |       |       |     1 |    10 |    10 |     4 ||    25
  Eat: Chunk             |     1 |     3 |     8 |    24 |    45 |     9 ||    90
       Beef jerky        |       |       |       |     2 |     2 |       ||     4
       Pizza             |       |       |       |       |     1 |       ||     1
       Fruit             |       |       |       |       |       |     1 ||     1
Armor: Scale mail        |    72 |    32 |    80 |    35 |       |       ||   219
       Plate armour      |       |       |       |    62 |    39 |       ||   101
       Ring mail         |       |       |       |    47 |   156 |       ||   203
       Chain mail        |       |       |       |       |   140 |    71 ||   211
Dodge: Dodged            |    30 |    36 |   134 |   263 |   756 |   108 ||  1327
Block: Shield            |    66 |    42 |   179 |   490 |  1131 |   191 ||  2099
       Rpst.: Long sword |     4 |    12 |    36 |    77 |    51 |       ||   180
       Double sword      |       |       |       |       |   116 |    12 ||   128
